 Dungeon Crawl Stone Soup version 0.31-a0-271-gb88eb75e06 (webtiles) character file.

Game seed: 10813977558806373168

170 garrulousMonolith the Changeling (level 5, 0/35 HPs)
             Began as an Octopode Shapeshifter on July 14, 2023.
             Killed from afar by an orc wizard (7 damage)
             ... with a magic dart
             ... on level 4 of the Dungeon.
             The game lasted 00:02:55 (2336 turns).

garrulousMonolith the Changeling (OpSh)             Turns: 2336, Time: 00:02:55

Health: 0/35       AC:  1    Str: 15    XL:     5   Next: 51%
Magic:  5/5        EV: 13    Int: 10    God:
Gold:   208        SH:  0    Dex: 14    Spells: 4/4 levels left

rFire   . .          .
                       - Unarmed
rCold   . . .        (no shield)
rNeg    + . .        (helmet currently unavailable)
rPois   .            (no amulet)
rElec   .            t - ring of positive energy
rCorr   .            (no ring)
SInv    .            (no ring)
Will    .....        (no ring)
Stlth   +++          (no ring)
HPRegen 0.25/turn    (no ring)
MPRegen 0.09/turn    (no ring)
                     (no ring)

%: no passive effects
@: beast-form
A: beast (slay +2), almost no armour, amphibious, 8 rings, camouflage 1,
gelatinous body 1, (nimble swimmer 1), tentacles
a: Begin Untransformation


You were on level 4 of the Dungeon.
You were a hulking beast.
You visited 1 branch of the dungeon, and saw 4 of its levels.

You collected 208 gold pieces.

Inventory:

Missiles
 n - 4 poisoned darts
Jewellery
 t - a ring of positive energy (left tentacle)
Talismans
 b - a beast talisman
 o - a blade talisman
Wands
 p - a wand of digging (2)
Scrolls
 d - a scroll of blinking
 f - a scroll of enchant armour {unknown}
 i - 2 scrolls of identify {unknown}
 k - a scroll of teleportation {unknown}
 l - a scroll of noise {unknown}
 m - a scroll of immolation {unknown}
 q - a scroll of fog {unknown}
 s - 2 scrolls of silence {unknown}
Potions
 a - 2 potions of lignification
 c - a potion of enlightenment {unknown}
 e - 4 potions of curing
 g - 2 potions of invisibility {unknown}
 h - 2 potions of haste {unknown}
 j - a potion of attraction {unknown}
 r - 2 potions of mutation {unknown}


   Skills:
 + Level 2.7 Fighting
 + Level 2.7 Dodging
 + Level 2.4 Stealth
 * Level 3.3 Unarmed Combat
 * Level 3.7 Shapeshifting


You had 4 spell levels left.
You didn't know any spells.
Your spell library contained the following spells:

 Spells                   Type           Power      Damage    Failure   Level
 Blink                    Tloc           0%         N/A       50%         2
 Manifold Assault         Tloc           0%         N/A       98%         4


Dungeon Overview and Level Annotations

Branches:
Dungeon (4/15)
 Temple: D:4-7

Altars:
Cheibriados
Hepliaklqana

Shops:
D:1 [


Innate Abilities, Weirdness & Mutations

You are a hulking beast.
Your limbs bulge with bestial killing power. (Slay +2)
You cannot wear most types of armour.
You are amphibious.
You can wear up to eight rings at the same time.
Your skin changes colour to match your surroundings (Stealth+).
Your rubbery body absorbs attacks. (AC +1, EV +1)
((You are camouflaged when in or above water. (Stealth+)))
You have tentacles for arms and can constrict up to eight enemies at once.


Message History

You tentacle-slap the orc.
You kill the orc!
The orc wizard hits you with a +0 dagger.
The orc wizard gestures wildly while chanting.
The orc wizard flickers and vanishes!
Deactivating autopickup; reactivate with Ctrl-A.
The kobold throws a stone.
The stone hits you.
The kobold throws a stone.
The stone misses you.
You tentacle-slap something. Your squeeze misses something.
The sleepcap releases spores at you. Something hits you.
The sleepcap releases spores at you.
You are engulfed in a cloud of soporific spores!
You fall asleep.
You feel less confused. Something hits you.
You wake up.
The sleepcap barely misses you. The sleepcap attacks as you move away!
The sleepcap misses you. Something hits you.
* * * LOW HITPOINT WARNING * * *
The orc wizard attacks as you move away!
The orc wizard misses you.
It was a potion of curing.
You feel better.
The kobold throws a stone.
The stone misses you. Something hits you.
* * * LOW HITPOINT WARNING * * *
Okay, then.
You feel better. Something hits you.
The orc wizard points at you and mumbles some strange words.
The magic dart hits something.
You tentacle-slap something.
The kobold throws a stone.
The stone closely misses you.
You hear some strange, mumbled words.
A puff of flame appears from out of thin air!
The puff of flame hits you!
* * * LOW HITPOINT WARNING * * *
Okay, then.
Okay, then.
You tentacle-slap something. Your squeeze misses something.
You hear some strange, mumbled words.
A magic dart appears from out of thin air!
The magic dart hits you!
You die...

#.# #.# #.# ..# ... #.##
.. #.. .. # #.# .## .##
#h#..?##..# #...#. #
###{#.#..##.# #..##.
###.#.Kf..##.##.# ..##.
..!...#.####.##.# #.##.
........####.##.####.##.
......).................
..####..................
# #..#########......[
##.. ####..##...


You could see a sleepcap and a kobold.

Vanquished Creatures
  A hound (D:3)
  Ijyb (D:3)
  A gnoll (D:3)
  3 adders (D:2)
  2 worms
  A dart slug (D:1)
  5 orcs
  8 endoplasms
  3 giant cockroaches
  4 goblins
  5 hobgoblins
  4 jackals (D:3)
  5 quokkas
  3 ball pythons
  4 bats
  5 frilled lizards
  A kobold (D:3)
  6 rats
62 creatures vanquished.

Notes
Turn   | Place    | Note
-------+----------+-------------------------------------------
     0 | D:1      | garrulousMonolith the Octopode Shapeshifter began the quest
                  | for the Orb.
     0 | D:1      | Reached XP level 1. HP: 14/14 MP: 1/1
    28 | D:1      | Found Kiste's Antique Armour Boutique.
   103 | D:1      | Reached XP level 2. HP: 14/19 MP: 2/2
   224 | D:1      | Reached skill level 1 in Stealth
   654 | D:2      | Reached XP level 3. HP: 19/24 MP: 3/3
   778 | D:2      | Found a hazy altar of Hepliaklqana.
   907 | D:2      | Reached XP level 4. HP: 27/30 MP: 4/4
  1261 | D:3      | Noticed Ijyb
  1268 | D:3      | Killed Ijyb
  1574 | D:3      | Found a snail-covered altar of Cheibriados.
  1969 | D:3      | Reached XP level 5. HP: 30/35 MP: 5/5
  2336 | D:4      | Killed from afar by an orc wizard

Illustrated notes

Levels and vault maps discovered:
D:1:      minmay_arrival_arboretum_small, layout_basic, serial_shops, shop,
          chequers_big_river
D:2:      layout_loops_ring, basic_altar
D:3:      minmay_chambers_of_twos, layout_basic, cheibriados_altar_2,
          hangedman_decor_slide_cut, minmay_ruptured, uniq_ijyb
D:4:      layout_rooms, uniq_crazy_yiuf_cottage, uniq_blork_the_orc

Skill      XL: |  1  2  3  4 |
---------------+-------------+-----
Stealth        | 1 2 |  2.4
Unarmed Combat | 3 |  3.3
Fighting       | |  2.7
Dodging        | |  2.7
Shapeshifting  | |  3.7

Action                     |  1- 3 |  4- 6 || total
---------------------------+-------+-------++-------
  Melee: Unarmed           |    62 |    67 ||   129
         Constrict         |    13 |    16 ||    29
         Tentacles         |    11 |    18 ||    29
         Punch             |     1 |     1 ||     2
    Use: Scroll            |     1 |       ||     1
         Potion            |       |     2 ||     2
   Stab: Sleeping          |    11 |     7 ||    18
 Armour: Skin              |     2 |     8 ||    10
  Dodge: Dodged            |    32 |    42 ||    74

Table legend: (Time is in decaauts)
 A = Elapsed time spent in this place.
 B = Non-inter-level travel time spent in this place.
 C = Inter-level travel time spent in this place.
 D = Time resting spent in this place.
 E = Time spent auto-exploring this place.
 F = Levels seen in this place.
 G = Mean time per level.
                   A        B        C        D        E       F      G
               +--------+--------+--------+--------+--------+-----+--------+
         Total |   2328 |   2225 |    103 |    242 |   1558 |   4 |  582.0 |
       Dungeon |   2328 |   2225 |    103 |    242 |   1558 |   4 |  582.0 |
               +--------+--------+--------+--------+--------+-----+--------+

Top non-repeatable levels by time:
     D:3: 1025 daAuts
     D:2: 728 daAuts
     D:1: 455 daAuts
     D:4: 118 daAuts
